BUFFALO vs TAMPA BAY

Created - April-03-21 at 11:34

Goals
1 2 3 T
BUFFALO 3 1 0 4
TAMPA BAY 1 1 0 2
Shots
1 2 3 T
BUFFALO 11 10 9 30
TAMPA BAY 4 15 3 22

1st period

1. BUFFALO , Eric Staal 7 (Matt Grzelcyk 10, Phil Kessel 8) at 6:19
2. BUFFALO , Drew Doughty 12 (Roman Josi 33, Ondrej Kase 4) at 9:06
3. TAMPA BAY , Filip Forsberg 17 (Josh Brown 9, Filip Chytil 12) at 12:47
4. BUFFALO , Matt Duchene 13 (Shea Theodore 14, Brad Marchand 18) at 18:46

Penalties :
Viktor Arvidsson (TB ) for Hooking (Minor) at 2:24

2nd period

5. TAMPA BAY , Jake Virtanen 8 (Rasmus Andersson 22, Vladislav Gavrikov 14) at 8:14
6. BUFFALO , Phil Kessel 6 (James van Riemsdyk 6) at 13:54

Penalties :
Vladislav Gavrikov (TB ) for High sticking (Minor) at 3:20, Jordan Staal (BUF) for Hooking (Minor) at 10:59, Jake Virtanen (TB ) for Close Hand On Puck (Minor) at 15:47

3rd period

No Goal

Penalties :
Shea Theodore (BUF) for Elbowing (Minor) at 15:43

Goalie Stats

Tuukka Rask (BUF), 20 saves from 22 shots - (0.909), W, 26-8-2, 60:00 minutes
Pavel Francouz (TB ), 26 saves from 30 shots - (0.867), L, 19-10-4, 60:00 minutes

Players Stats for BUFFALO

Player Name              G  A  P  +/- PIM S  H  SB GA TA FO     MP     PP MP  PK MP  
------------------------------------------------------------------------------------
Alex Killorn             0  0  0   0  0   3  0  1  0  0  0/0    16:13   0:00   0:00 
Brad Marchand            0  1  1   0  0   1  1  0  0  0  0/1    21:30   3:04   2:13 
Carl Hagelin             0  0  0  -1  0   1  0  0  0  0  1/1    13:12   0:00   1:26 
Charlie Coyle            0  0  0  -1  0   4  0  0  0  0  1/1    14:39   2:53   0:00 
Drew Doughty             1  0  1   1  0   2  3  0  0  0  0/0    25:26   2:58   2:36 
Eric Staal               1  0  1   2  0   4  1  1  0  0  15/27  18:30   2:53   0:47 
Frank Vatrano            0  0  0   1  0   1  0  0  0  0  1/2     7:38   0:00   0:22 
James van Riemsdyk       0  1  1   2  0   2  0  0  0  0  2/2    17:43   2:53   0:00 
Jordan Staal             0  0  0  -1  2   0  0  0  0  0  7/9    13:08   0:00   1:23 
Marco Scandella          0  0  0  -1  0   0  4  2  0  0  0/0    13:04   0:00   0:00 
Matt Duchene             1  0  1   0  0   3  1  0  0  0  16/28  19:17   3:04   0:00 
Matt Grzelcyk            0  1  1  -1  0   0  0  0  0  0  0/0    13:51   0:00   0:47 
Noah Hanifin             0  0  0   2  0   0  0  1  0  0  0/0    21:30   2:59   1:22 
Noel Acciari             0  0  0   1  0   0  1  0  0  0  6/10    8:14   0:00   0:58 
Ondrej Kase              0  1  1   1  0   2  0  0  0  0  0/0     7:16   0:00   0:00 
Phil Kessel              1  1  2   2  0   1  0  0  0  0  1/2    18:41   3:04   0:47 
Roman Josi               0  1  1   1  0   5  0  1  0  0  0/0    25:26   2:58   2:36 
Shea Theodore            0  1  1   2  2   1  0  2  0  0  0/0    20:42   2:59   0:35 

Players Stats for TAMPA BAY

Player Name              G  A  P  +/- PIM S  H  SB GA TA FO     MP     PP MP  PK MP  
------------------------------------------------------------------------------------
Anthony Bitetto          0  0  0   0  0   0  0  1  0  0  0/0     4:41   0:00   0:00 
David Kampf              0  0  0   0  0   0  0  0  0  0  1/6     3:56   0:00   0:00 
Elias Lindholm           0  0  0   0  0   2  0  0  0  0  12/25  19:38   2:13   3:58 
Filip Chytil             0  1  1  -1  0   0  0  0  0  0  7/18   18:24   1:40   0:00 
Filip Forsberg           1  0  1  -1  0   1  0  0  0  0  0/0    20:10   1:40   1:46 
Jake Virtanen            1  0  1  -1  2   2  3  1  0  0  0/0    16:02   0:05   0:00 
Jesper Bratt             0  0  0   0  0   0  1  0  0  0  0/0     4:09   0:00   0:13 
John Klingberg           0  0  0   0  0   1  2  2  0  0  0/0    22:36   1:32   3:38 
Josh Brown               0  1  1  -1  0   0  1  1  0  0  0/0    14:21   0:00   0:45 
MacKenzie Weegar         0  0  0  -1  0   0  2  0  0  0  0/0    13:36   0:00   0:00 
Mathew Barzal            0  0  0   0  0   4  0  0  0  0  0/0    17:26   2:13   1:46 
Rasmus Andersson         0  1  1  -1  0   1  0  1  0  0  0/0    19:07   2:26   2:19 
Robby Fabbri             0  0  0  -1  0   1  2  1  0  0  1/1    16:03   0:05   0:00 
Sebastian Aho            0  0  0   0  0   6  1  0  0  0  7/11   23:34   2:13   3:58 
Sonny Milano             0  0  0   0  0   0  0  0  0  0  0/0     0:05   0:05   0:00 
TB Cap Hit               0  0  0   0  0   0  0  0  0  0  0/0     4:41   0:00   0:00 
Tyson Jost               0  0  0  -1  0   3  0  0  0  0  5/21   15:58   0:00   0:00 
Viktor Arvidsson         0  0  0  -1  2   0  0  0  0  0  0/1    18:36   1:40   0:13 
Vladislav Gavrikov       0  1  1  -1  2   0  3  1  0  0  0/0    18:21   2:26   1:34 
Zach Werenski            0  0  0   0  0   1  3  2  0  0  0/0    22:36   1:32   3:38 

3 Stars

1 - Phil Kessel (BUF)
2 - Eric Staal (BUF)
3 - Drew Doughty (BUF)

Power Play

BUFFALO - 0 on 3 Attempt(s) - 0.00%
TAMPA BAY - 0 on 2 Attempt(s) - 0.00%

Penalty Kill

BUFFALO - 2 on 2 Attempt(s) - 100.00% - Score 0 goal in Penalty Kill
TAMPA BAY - 3 on 3 Attempt(s) - 100.00% - Score 0 goal in Penalty Kill

Team Stat

BUFFALO - Hits : 11 - Faceoff Wins : 50 - Blocked Shots : 8 - Penalty Minutes : 4
TAMPA BAY - Hits : 18 - Faceoff Wins : 33 - Blocked Shots : 10 - Penalty Minutes : 6

Official

Referees : Kyle Newell and Beaudry Halkidis
Linesman : Dylan Bierwirth and Shaun Morgan

Game Notes

No Game Note

Finance

Level 1 -- Attendance: 4712 (78.53%) -- Ticket Income $471,200
Level 2 -- Attendance: 3762 (75.24%) -- Ticket Income $225,720
Level 3 -- Attendance: 1734 (86.70%) -- Ticket Income $60,690
Level 4 -- Attendance: 3940 (98.50%) -- Ticket Income $78,800
Luxury Box -- Attendance: 763 (76.30%) -- Ticket Income $152,600
Game was played at the Amalie Arena.
Total Attendance: 14911 (82.84%)
Total Ticket Income: $989,010
Total Income: $989,010

BUFFALO

5 vs 5 Forward 
   Center                   Left Wing                Right Wing               Time % Phy DF OF 
 1 Matt Duchene             Alex Killorn             Brad Marchand            35     1   0  4  
 2 Eric Staal               James van Riemsdyk       Phil Kessel              30     1   0  4  
 3 Jordan Staal             Carl Hagelin             Charlie Coyle            25     1   1  3  
 4 Noel Acciari             Frank Vatrano            Ondrej Kase              10     2   2  1  

5 vs 5 Defense 
   Defense                  Defense                                           Time % Phy DF OF 
 1 Roman Josi               Drew Doughty                                      35     1   1  3  
 2 Noah Hanifin             Shea Theodore                                     30     1   1  3  
 3 Marco Scandella          Matt Grzelcyk                                     25     1   1  3  
 4 Roman Josi               Drew Doughty                                      10     1   1  3  

PowerPlay Forward 
   Center                   Left Wing                Right Wing               Time % Phy DF OF 
 1 Matt Duchene             Brad Marchand            Phil Kessel              60     0   0  5  
 2 Eric Staal               James van Riemsdyk       Charlie Coyle            40     0   0  5  

PowerPlay Defense
   Defense                  Defense                                           Time % Phy DF OF 
 1 Roman Josi               Drew Doughty                                      60     1   0  4  
 2 Noah Hanifin             Shea Theodore                                     40     1   0  4  

Penalty Kill 4 Players Forward 
   Center                   Wing                     Time % Phy DF OF 
 1 Jordan Staal             Brad Marchand            60     2   2  1  
 2 Noel Acciari             Carl Hagelin             40     1   3  1  

Penalty Kill 4 Players Defense
   Defense                  Defense                  Time % Phy DF OF 
 1 Roman Josi               Drew Doughty             60     1   2  2  
 2 Noah Hanifin             Shea Theodore            40     1   2  2  

Penalty Kill - 3 Players Forward 
   Forward                                           Time % Phy DF OF 
 1 Jordan Staal                                      60     1   4  0  
 2 Noel Acciari                                      40     1   4  0  

Penalty Kill - 3 Players Defense
   Defense                  Defense                  Time % Phy DF OF 
 1 Roman Josi               Drew Doughty             60     1   2  2  
 2 Noah Hanifin             Shea Theodore            40     1   2  2  

4 vs 4 Forward 
   Center                   Wing                     Time % Phy DF OF 
 1 Eric Staal               Brad Marchand            60     1   1  3  
 2 Jordan Staal             Alex Killorn             40     1   1  3  

4 vs 4 Defense
   Defense                  Defense                  Time % Phy DF OF 
 1 Roman Josi               Drew Doughty             60     1   2  2  
 2 Noah Hanifin             Shea Theodore            40     1   2  2  

Last Minutes Offensive
   Center                   Left Wing                Right Wing               Defense                  Defense                  
   Matt Duchene             James van Riemsdyk       Brad Marchand            Roman Josi               Drew Doughty             

Last Minutes Defensive
   Center                   Left Wing                Right Wing               Defense                  Defense                  
   Jordan Staal             Brad Marchand            Charlie Coyle            Roman Josi               Drew Doughty             

Goaltenders
Starting : Tuukka Rask              
Backup : Alex Stalock             

Extra Forwards
Normal : Jordan Staal, James van Riemsdyk, Carl Hagelin - PP : Jordan Staal, James van Riemsdyk - PK : Carl Hagelin
Extra Defensemen
Normal : Marco Scandella, Matt Grzelcyk, Noah Hanifin - PP : Marco Scandella - PK : Matt Grzelcyk, Noah Hanifin
Penalty Shots
Matt Duchene, Charlie Coyle, Ondrej Kase, Brad Marchand, James van Riemsdyk

Scratches
None

TAMPA BAY

5 vs 5 Forward 
   Center                   Left Wing                Right Wing               Time % Phy DF OF 
 1 Elias Lindholm           Sebastian Aho            Mathew Barzal            35     1   2  2  
 2 Filip Chytil             Filip Forsberg           Viktor Arvidsson         30     1   2  2  
 3 Tyson Jost               Jake Virtanen            Robby Fabbri             25     1   2  2  
 4 David Kampf              Jesper Bratt             Sebastian Aho            10     1   2  2  

5 vs 5 Defense 
   Defense                  Defense                                           Time % Phy DF OF 
 1 Zach Werenski            John Klingberg                                    35     1   2  2  
 2 Rasmus Andersson         Vladislav Gavrikov                                30     1   2  2  
 3 MacKenzie Weegar         Josh Brown                                        25     1   2  2  
 4 Anthony Bitetto          TB Cap Hit                                        10     1   2  2  

PowerPlay Forward 
   Center                   Left Wing                Right Wing               Time % Phy DF OF 
 1 Elias Lindholm           Sebastian Aho            Mathew Barzal            60     1   2  2  
 2 Filip Chytil             Filip Forsberg           Viktor Arvidsson         40     1   2  2  

PowerPlay Defense
   Defense                  Defense                                           Time % Phy DF OF 
 1 Zach Werenski            John Klingberg                                    60     1   2  2  
 2 Rasmus Andersson         Vladislav Gavrikov                                40     1   2  2  

Penalty Kill 4 Players Forward 
   Center                   Wing                     Time % Phy DF OF 
 1 Sebastian Aho            Elias Lindholm           60     1   2  2  
 2 Mathew Barzal            Filip Forsberg           40     1   2  2  

Penalty Kill 4 Players Defense
   Defense                  Defense                  Time % Phy DF OF 
 1 Zach Werenski            John Klingberg           60     1   2  2  
 2 Rasmus Andersson         Vladislav Gavrikov       40     1   2  2  

Penalty Kill - 3 Players Forward 
   Forward                                           Time % Phy DF OF 
 1 Sebastian Aho                                     60     1   2  2  
 2 Elias Lindholm                                    40     1   2  2  

Penalty Kill - 3 Players Defense
   Defense                  Defense                  Time % Phy DF OF 
 1 Zach Werenski            John Klingberg           60     1   2  2  
 2 Rasmus Andersson         Vladislav Gavrikov       40     1   2  2  

4 vs 4 Forward 
   Center                   Wing                     Time % Phy DF OF 
 1 Sebastian Aho            Elias Lindholm           60     1   2  2  
 2 Mathew Barzal            Filip Forsberg           40     1   2  2  

4 vs 4 Defense
   Defense                  Defense                  Time % Phy DF OF 
 1 Zach Werenski            John Klingberg           60     1   2  2  
 2 Rasmus Andersson         Vladislav Gavrikov       40     1   2  2  

Last Minutes Offensive
   Center                   Left Wing                Right Wing               Defense                  Defense                  
   Elias Lindholm           Sebastian Aho            Mathew Barzal            Zach Werenski            John Klingberg           

Last Minutes Defensive
   Center                   Left Wing                Right Wing               Defense                  Defense                  
   Elias Lindholm           Sebastian Aho            Mathew Barzal            Zach Werenski            John Klingberg           

Goaltenders
Starting : Pavel Francouz           
Backup : Casey DeSmith            

Extra Forwards
Normal : Sonny Milano, Jake Virtanen, Jesper Bratt - PP : Sonny Milano, Jake Virtanen - PK : Jesper Bratt
Extra Defensemen
Normal : MacKenzie Weegar, Josh Brown, Anthony Bitetto - PP : MacKenzie Weegar - PK : Josh Brown, Anthony Bitetto
Penalty Shots
Sebastian Aho, Elias Lindholm, Mathew Barzal, Filip Forsberg, Viktor Arvidsson

Scratches
None


% Time on Ice - BUFFALO

Lines # - Real PCT - Wanted PCT - Time Play
Normal Forward
1 - 32% - 35% - 16:13
2 - 30% - 30% - 14:50
3 - 23% - 25% - 11:46
4 - 15% - 10% - 7:16
Normal Defense
1 - 33% - 35% - 16:43
2 - 34% - 30% - 17:09
3 - 26% - 25% - 13:04
4 - 6% - 10% - 3:09
PP Forward
1 - 52% - 60% - 3:04
2 - 48% - 40% - 2:53
PP Defense
1 - 50% - 60% - 2:58
2 - 50% - 40% - 2:59
PK Forward
1 - 85% - 60% - 3:22
2 - 15% - 40% - 0:36
PK Defense
1 - 66% - 60% - 2:36
2 - 34% - 40% - 1:22
PK3 Forward
1 - 0% - 60%
2 - 0% - 40%
PK3 Defense
1 - 0% - 60%
2 - 0% - 40%
44 Forward
1 - 0% - 60%
2 - 0% - 40%
44 Defense
1 - 0% - 60%
2 - 0% - 40%
Last Minute Offensive  - 0:00
Last Minute Defensive  - 0:00
Total
Forward - 60:00
Defense - 60:00

% Time on Ice - TAMPA BAY

Lines # - Real PCT - Wanted PCT - Time Play
Normal Forward
1 - 27% - 35% - 13:27
2 - 33% - 30% - 16:44
3 - 32% - 25% - 15:58
4 - 8% - 10% - 3:56
Normal Defense
1 - 35% - 35% - 17:26
2 - 29% - 30% - 14:22
3 - 27% - 25% - 13:36
4 - 9% - 10% - 4:41
PP Forward
1 - 56% - 60% - 2:13
2 - 44% - 40% - 1:45
PP Defense
1 - 39% - 60% - 1:32
2 - 61% - 40% - 2:26
PK Forward
1 - 70% - 60% - 4:11
2 - 30% - 40% - 1:46
PK Defense
1 - 61% - 60% - 3:38
2 - 39% - 40% - 2:19
PK3 Forward
1 - 0% - 60%
2 - 0% - 40%
PK3 Defense
1 - 0% - 60%
2 - 0% - 40%
44 Forward
1 - 0% - 60%
2 - 0% - 40%
44 Defense
1 - 0% - 60%
2 - 0% - 40%
Last Minute Offensive  - 0:00
Last Minute Defensive  - 0:00
Total
Forward - 60:00
Defense - 60:00

Play-by-Play

1st period


0:01 of 1st period - Matt Duchene wins face-off versus Elias Lindholm in neutral zone.
0:07 of 1st period - Brad Marchand is hit by John Klingberg and loses puck.
0:37 of 1st period - Brad Marchand is hit by John Klingberg and loses puck.
1:08 of 1st period - Shot by Filip Chytil.
1:08 of 1st period - Shot Misses the Net.
1:11 of 1st period - Icing by Shea Theodore.
1:12 of 1st period - Eric Staal wins face-off versus Tyson Jost in BUFFALO zone.
1:12 of 1st period - Eric Staal is hit by Jake Virtanen.
1:18 of 1st period - Shot by Shea Theodore.
1:18 of 1st period - Stopped by Pavel Francouz with a rebound.
1:22 of 1st period - Shot by Eric Staal.
1:22 of 1st period - Shot Blocked by Josh Brown.
1:24 of 1st period - Shot by James van Riemsdyk.
1:24 of 1st period - Shot Misses the Net.
1:34 of 1st period - Shot by Jake Virtanen.
1:34 of 1st period - Deflect By Robby Fabbri.
1:34 of 1st period - Stopped by Tuukka Rask with a rebound.
1:42 of 1st period - Icing by MacKenzie Weegar.
1:43 of 1st period - Jordan Staal wins face-off versus Tyson Jost in TAMPA BAY zone.
2:24 of 1st period - Minor Penalty to Viktor Arvidsson for Hooking.
2:25 of 1st period - Sebastian Aho wins face-off versus Matt Duchene in TAMPA BAY zone.
2:52 of 1st period - Shot by Roman Josi.
2:52 of 1st period - Shot Misses the Net.
3:08 of 1st period - Shot by Roman Josi.
3:08 of 1st period - Stopped by Pavel Francouz without a rebound.
3:09 of 1st period - Eric Staal wins face-off versus Sebastian Aho in TAMPA BAY zone.
3:12 of 1st period - Shot by Charlie Coyle.
3:12 of 1st period - Stopped by Pavel Francouz without a rebound.
3:13 of 1st period - Sebastian Aho wins face-off versus Eric Staal in TAMPA BAY zone.
3:22 of 1st period - Shot by Noah Hanifin.
3:22 of 1st period - Shot Blocked by John Klingberg.
3:24 of 1st period - Shot by Shea Theodore.
3:24 of 1st period - Shot Blocked by John Klingberg.
3:42 of 1st period - Shot by Charlie Coyle.
3:42 of 1st period - Stopped by Pavel Francouz without a rebound.
3:43 of 1st period - Sebastian Aho wins face-off versus Matt Duchene in TAMPA BAY zone.
3:58 of 1st period - Shot by Drew Doughty.
3:58 of 1st period - Shot Misses the Net.
4:00 of 1st period - Shot by Roman Josi.
4:00 of 1st period - Stopped by Pavel Francouz without a rebound.
4:01 of 1st period - Sebastian Aho wins face-off versus Eric Staal in TAMPA BAY zone.
4:16 of 1st period - Shot by Charlie Coyle.
4:16 of 1st period - Shot Blocked by Zach Werenski.
4:18 of 1st period - Shot by Shea Theodore.
4:18 of 1st period - Shot Misses the Net.
4:34 of 1st period - Shot by Frank Vatrano.
4:34 of 1st period - Shot Misses the Net.
5:07 of 1st period - Icing by Vladislav Gavrikov.
5:08 of 1st period - Filip Chytil wins face-off versus Matt Duchene in TAMPA BAY zone.
5:20 of 1st period - Shot by Shea Theodore.
5:20 of 1st period - Shot Blocked by Vladislav Gavrikov.
5:55 of 1st period - Icing by Rasmus Andersson.
5:56 of 1st period - Eric Staal wins face-off versus Filip Chytil in TAMPA BAY zone.
6:19 of 1st period - Shot by Eric Staal.
6:19 of 1st period - Goal by Eric Staal - BUFFALO : 1 - TAMPA BAY : 0.
6:20 of 1st period - Jordan Staal wins face-off versus Elias Lindholm in neutral zone.
6:34 of 1st period - Jordan Staal is hit by Zach Werenski.
8:05 of 1st period - Icing by MacKenzie Weegar.
8:06 of 1st period - Matt Duchene wins face-off versus Tyson Jost in TAMPA BAY zone.
8:08 of 1st period - Alex Killorn is hit by MacKenzie Weegar and loses puck.
8:23 of 1st period - Icing by Robby Fabbri.
8:24 of 1st period - Noel Acciari wins face-off versus Tyson Jost in TAMPA BAY zone.
8:40 of 1st period - Frank Vatrano is hit by MacKenzie Weegar.
9:02 of 1st period - Shot by Ondrej Kase.
9:02 of 1st period - Stopped by Pavel Francouz with a rebound.
9:04 of 1st period - Shot by Roman Josi.
9:04 of 1st period - Shot Blocked by Robby Fabbri.
9:06 of 1st period - Shot by Drew Doughty.
9:06 of 1st period - Goal by Drew Doughty - BUFFALO : 2 - TAMPA BAY : 0.
9:07 of 1st period - Elias Lindholm wins face-off versus Matt Duchene in neutral zone.
9:18 of 1st period - Shot by Elias Lindholm.
9:18 of 1st period - Shot Hit the Post.
9:24 of 1st period - Shot by Elias Lindholm.
9:24 of 1st period - Shot Misses the Net.
9:26 of 1st period - Shot by Elias Lindholm.
9:26 of 1st period - Shot Misses the Net.
9:28 of 1st period - Shot by Zach Werenski.
9:28 of 1st period - Shot Blocked by Alex Killorn.
9:32 of 1st period - Shot by Sebastian Aho.
9:32 of 1st period - Shot Misses the Net.
9:40 of 1st period - Shot by Mathew Barzal.
9:40 of 1st period - Stopped by Tuukka Rask without a rebound.
9:41 of 1st period - Eric Staal wins face-off versus Filip Chytil in BUFFALO zone.
9:48 of 1st period - Icing by Viktor Arvidsson.
9:49 of 1st period - Jordan Staal wins face-off versus Filip Chytil in TAMPA BAY zone.
9:52 of 1st period - Shot by Charlie Coyle.
9:52 of 1st period - Shot Blocked by Anthony Bitetto.
10:55 of 1st period - Shot by Sebastian Aho.
10:55 of 1st period - Stopped by Tuukka Rask without a rebound.
10:56 of 1st period - Eric Staal wins face-off versus David Kampf in BUFFALO zone.
11:00 of 1st period - Eric Staal is hit by Sebastian Aho and loses puck.
11:25 of 1st period - Shot by James van Riemsdyk.
11:25 of 1st period - Stopped by Pavel Francouz without a rebound.
11:26 of 1st period - Tyson Jost wins face-off versus Matt Duchene in TAMPA BAY zone.
12:47 of 1st period - Shot by Filip Forsberg.
12:47 of 1st period - Goal by Filip Forsberg - BUFFALO : 2 - TAMPA BAY : 1.
12:48 of 1st period - Elias Lindholm wins face-off versus Eric Staal in neutral zone.
13:00 of 1st period - Shot by Mathew Barzal.
13:00 of 1st period - Shot Misses the Net.
13:19 of 1st period - Shot by Mathew Barzal.
13:19 of 1st period - Shot Blocked by Shea Theodore.
14:20 of 1st period - Icing by Zach Werenski.
14:21 of 1st period - Robby Fabbri wins face-off versus Frank Vatrano in TAMPA BAY zone.
14:21 of 1st period - Robby Fabbri is hit by Noel Acciari.
15:01 of 1st period - Filip Forsberg is hit by Drew Doughty and loses puck.
15:34 of 1st period - Icing by Brad Marchand.
15:35 of 1st period - Elias Lindholm wins face-off versus Matt Duchene in BUFFALO zone.
15:44 of 1st period - Icing by Alex Killorn.
15:45 of 1st period - Matt Duchene wins face-off versus David Kampf in BUFFALO zone.
16:06 of 1st period - Shot by Brad Marchand.
16:06 of 1st period - Deflect By Matt Duchene.
16:06 of 1st period - Stopped by Pavel Francouz without a rebound.
16:07 of 1st period - Eric Staal wins face-off versus Tyson Jost in TAMPA BAY zone.
17:07 of 1st period - Icing by John Klingberg.
17:08 of 1st period - Jordan Staal wins face-off versus Elias Lindholm in TAMPA BAY zone.
18:46 of 1st period - Shot by Matt Duchene.
18:46 of 1st period - Goal by Matt Duchene - BUFFALO : 3 - TAMPA BAY : 1.
18:47 of 1st period - Eric Staal wins face-off versus Tyson Jost in neutral zone.
19:00 of 1st period - Tyson Jost is hit by Marco Scandella and loses puck.
19:07 of 1st period - Shot by Robby Fabbri.
19:07 of 1st period - Deflect By Jake Virtanen.
19:07 of 1st period - Shot Misses the Net.
19:42 of 1st period - Icing by Roman Josi.
19:43 of 1st period - Noel Acciari wins face-off versus Elias Lindholm in BUFFALO zone.
Goals for this period are 3 for BUFFALO vs 1 for TAMPA BAY.
Shots for this period are 11 for BUFFALO vs 4 for TAMPA BAY.

2nd period


0:01 of 2nd period - Matt Duchene wins face-off versus Elias Lindholm in neutral zone.
0:03 of 2nd period - Off-side.
0:04 of 2nd period - Matt Duchene wins face-off versus Elias Lindholm in neutral zone.
0:40 of 2nd period - Brad Marchand is hit by Vladislav Gavrikov and loses puck.
1:18 of 2nd period - Icing by Zach Werenski.
1:19 of 2nd period - Jordan Staal wins face-off versus Filip Chytil in TAMPA BAY zone.
2:34 of 2nd period - Shot by Tyson Jost.
2:34 of 2nd period - Stopped by Tuukka Rask without a rebound.
2:35 of 2nd period - Matt Duchene wins face-off versus David Kampf in BUFFALO zone.
2:55 of 2nd period - Shot by Sebastian Aho.
2:55 of 2nd period - Stopped by Tuukka Rask without a rebound.
2:56 of 2nd period - Elias Lindholm wins face-off versus Eric Staal in BUFFALO zone.
2:57 of 2nd period - Shot by Sebastian Aho.
2:57 of 2nd period - Stopped by Tuukka Rask without a rebound.
2:58 of 2nd period - Tyson Jost wins face-off versus Eric Staal in BUFFALO zone.
3:04 of 2nd period - Drew Doughty is hit by Vladislav Gavrikov and loses puck.
3:20 of 2nd period - Minor Penalty to Vladislav Gavrikov for High sticking.
3:21 of 2nd period - Sebastian Aho wins face-off versus Matt Duchene in TAMPA BAY zone.
3:21 of 2nd period - Sebastian Aho is hit by Matt Duchene.
3:31 of 2nd period - Shot by Elias Lindholm.
3:31 of 2nd period - Stopped by Tuukka Rask without a rebound.
3:32 of 2nd period - Sebastian Aho wins face-off versus Eric Staal in BUFFALO zone.
3:57 of 2nd period - Shot by Roman Josi.
3:57 of 2nd period - Stopped by Pavel Francouz with a rebound.
3:59 of 2nd period - Shot by Charlie Coyle.
3:59 of 2nd period - Stopped by Pavel Francouz with a rebound.
4:01 of 2nd period - Shot by Charlie Coyle.
4:01 of 2nd period - Stopped by Pavel Francouz without a rebound.
4:02 of 2nd period - Sebastian Aho wins face-off versus Matt Duchene in TAMPA BAY zone.
4:28 of 2nd period - Mathew Barzal is hit by Brad Marchand and loses puck.
5:32 of 2nd period - Icing by Matt Grzelcyk.
5:33 of 2nd period - Filip Chytil wins face-off versus Noel Acciari in BUFFALO zone.
5:50 of 2nd period - Shot by Frank Vatrano.
5:50 of 2nd period - Shot Misses the Net.
5:56 of 2nd period - Shot by Frank Vatrano.
5:56 of 2nd period - Stopped by Pavel Francouz without a rebound.
5:57 of 2nd period - Matt Duchene wins face-off versus Tyson Jost in TAMPA BAY zone.
6:06 of 2nd period - Shot by Alex Killorn.
6:06 of 2nd period - Stopped by Pavel Francouz without a rebound.
6:07 of 2nd period - Eric Staal wins face-off versus David Kampf in TAMPA BAY zone.
7:36 of 2nd period - Shot by Matt Duchene.
7:36 of 2nd period - Shot Misses the Net.
7:38 of 2nd period - Shot by Noah Hanifin.
7:38 of 2nd period - Shot Misses the Net.
7:40 of 2nd period - Shot by Noah Hanifin.
7:40 of 2nd period - Shot Misses the Net.
8:04 of 2nd period - Shot by Tyson Jost.
8:04 of 2nd period - Stopped by Tuukka Rask with a rebound.
8:06 of 2nd period - Shot by Robby Fabbri.
8:06 of 2nd period - Shot Misses the Net.
8:12 of 2nd period - Shot by Jake Virtanen.
8:12 of 2nd period - Shot Blocked by Marco Scandella.
8:14 of 2nd period - Shot by Jake Virtanen.
8:14 of 2nd period - Goal by Jake Virtanen - BUFFALO : 3 - TAMPA BAY : 2.
8:15 of 2nd period - Elias Lindholm wins face-off versus Noel Acciari in neutral zone.
8:17 of 2nd period - Sebastian Aho is hit by Drew Doughty and loses puck.
8:44 of 2nd period - Shot by Mathew Barzal.
8:44 of 2nd period - Stopped by Tuukka Rask without a rebound.
8:45 of 2nd period - Tyson Jost wins face-off versus Eric Staal in BUFFALO zone.
8:46 of 2nd period - Shot by Robby Fabbri.
8:46 of 2nd period - Shot Hit the Post.
8:48 of 2nd period - Shot by Jake Virtanen.
8:48 of 2nd period - Shot Misses the Net.
8:50 of 2nd period - Shot by Tyson Jost.
8:50 of 2nd period - Stopped by Tuukka Rask without a rebound.
8:51 of 2nd period - Matt Duchene wins face-off versus Tyson Jost in BUFFALO zone.
8:51 of 2nd period - Matt Duchene is hit by Jake Virtanen.
8:57 of 2nd period - Shot by Alex Killorn.
8:57 of 2nd period - Stopped by Pavel Francouz without a rebound.
8:58 of 2nd period - Matt Duchene wins face-off versus Tyson Jost in TAMPA BAY zone.
9:22 of 2nd period - Shot by Matt Duchene.
9:22 of 2nd period - Stopped by Pavel Francouz without a rebound.
9:23 of 2nd period - Eric Staal wins face-off versus Elias Lindholm in TAMPA BAY zone.
9:29 of 2nd period - Icing by Rasmus Andersson.
9:30 of 2nd period - Elias Lindholm wins face-off versus Eric Staal in TAMPA BAY zone.
9:38 of 2nd period - Elias Lindholm is hit by Drew Doughty and loses puck.
10:05 of 2nd period - Shot by Mathew Barzal.
10:05 of 2nd period - Stopped by Tuukka Rask with a rebound.
10:07 of 2nd period - Shot by Elias Lindholm.
10:07 of 2nd period - Stopped by Tuukka Rask without a rebound.
10:08 of 2nd period - Matt Duchene wins face-off versus Filip Chytil in BUFFALO zone.
10:18 of 2nd period - Matt Duchene is hit by Zach Werenski and loses puck.
10:38 of 2nd period - Brad Marchand is hit by Zach Werenski.
10:59 of 2nd period - Minor Penalty to Jordan Staal for Hooking.
11:00 of 2nd period - Carl Hagelin wins face-off versus Sebastian Aho in BUFFALO zone.
11:13 of 2nd period - Shot by Rasmus Andersson.
11:13 of 2nd period - Stopped by Tuukka Rask with a rebound.
13:14 of 2nd period - Tyson Jost is hit by Marco Scandella and loses puck.
13:52 of 2nd period - Icing by Josh Brown.
13:53 of 2nd period - James van Riemsdyk wins face-off versus Tyson Jost in TAMPA BAY zone.
13:54 of 2nd period - Shot by Phil Kessel.
13:54 of 2nd period - Goal by Phil Kessel - BUFFALO : 4 - TAMPA BAY : 2.
13:55 of 2nd period - Eric Staal wins face-off versus Filip Chytil in neutral zone.
14:54 of 2nd period - Shot by Sebastian Aho.
14:54 of 2nd period - Shot Blocked by Noah Hanifin.
14:56 of 2nd period - Shot by Sebastian Aho.
14:56 of 2nd period - Shot Misses the Net.
14:58 of 2nd period - Shot by Mathew Barzal.
14:58 of 2nd period - Stopped by Tuukka Rask without a rebound.
14:59 of 2nd period - Noel Acciari wins face-off versus David Kampf in BUFFALO zone.
14:59 of 2nd period - Noel Acciari is hit by Jesper Bratt.
15:15 of 2nd period - Shot by David Kampf.
15:15 of 2nd period - Shot Misses the Net.
15:17 of 2nd period - Shot by Sebastian Aho.
15:17 of 2nd period - Stopped by Tuukka Rask without a rebound.
15:18 of 2nd period - Matt Duchene wins face-off versus Tyson Jost in BUFFALO zone.
15:18 of 2nd period - Matt Duchene is hit by Jake Virtanen.
15:21 of 2nd period - Noah Hanifin is hit by Robby Fabbri and loses puck.
15:47 of 2nd period - Minor Penalty to Jake Virtanen for Close Hand On Puck.
15:48 of 2nd period - Elias Lindholm wins face-off versus Eric Staal in TAMPA BAY zone.
15:48 of 2nd period - Elias Lindholm is hit by Eric Staal.
16:24 of 2nd period - Shot by Roman Josi.
16:24 of 2nd period - Stopped by Pavel Francouz without a rebound.
16:25 of 2nd period - Phil Kessel wins face-off versus Sebastian Aho in TAMPA BAY zone.
17:54 of 2nd period - Frank Vatrano is hit by Josh Brown and loses puck.
17:58 of 2nd period - Icing by Josh Brown.
17:59 of 2nd period - Tyson Jost wins face-off versus Jordan Staal in TAMPA BAY zone.
18:21 of 2nd period - Shot by Jake Virtanen.
18:21 of 2nd period - Stopped by Tuukka Rask without a rebound.
18:22 of 2nd period - Filip Chytil wins face-off versus Noel Acciari in BUFFALO zone.
18:28 of 2nd period - Icing by Matt Grzelcyk.
18:29 of 2nd period - Elias Lindholm wins face-off versus Noel Acciari in BUFFALO zone.
18:30 of 2nd period - Shot by Sebastian Aho.
18:30 of 2nd period - Stopped by Tuukka Rask without a rebound.
18:31 of 2nd period - Elias Lindholm wins face-off versus Jordan Staal in BUFFALO zone.
18:58 of 2nd period - Shot by Sebastian Aho.
18:58 of 2nd period - Shot Blocked by Roman Josi.
19:12 of 2nd period - Shot by Carl Hagelin.
19:12 of 2nd period - Stopped by Pavel Francouz without a rebound.
19:13 of 2nd period - Matt Duchene wins face-off versus Filip Chytil in TAMPA BAY zone.
Goals for this period are 1 for BUFFALO vs 1 for TAMPA BAY.
Shots for this period are 10 for BUFFALO vs 15 for TAMPA BAY.

3rd period


0:01 of 3rd period - Matt Duchene wins face-off versus Elias Lindholm in neutral zone.
0:24 of 3rd period - Shot by Brad Marchand.
0:24 of 3rd period - Shot Blocked by Rasmus Andersson.
1:27 of 3rd period - Icing by Shea Theodore.
1:28 of 3rd period - Eric Staal wins face-off versus Tyson Jost in BUFFALO zone.
1:30 of 3rd period - Icing by Phil Kessel.
1:31 of 3rd period - Tyson Jost wins face-off versus Phil Kessel in BUFFALO zone.
1:41 of 3rd period - Noah Hanifin is hit by Robby Fabbri and loses puck.
2:15 of 3rd period - Icing by Shea Theodore.
2:16 of 3rd period - Eric Staal wins face-off versus Elias Lindholm in BUFFALO zone.
2:33 of 3rd period - Shot by Jordan Staal.
2:33 of 3rd period - Shot Blocked by Zach Werenski.
2:35 of 3rd period - Shot by Jordan Staal.
2:35 of 3rd period - Shot Misses the Net.
3:40 of 3rd period - Viktor Arvidsson is hit by Marco Scandella and loses puck.
4:45 of 3rd period - Shot by Drew Doughty.
4:45 of 3rd period - Stopped by Pavel Francouz without a rebound.
4:46 of 3rd period - Charlie Coyle wins face-off versus Tyson Jost in TAMPA BAY zone.
5:58 of 3rd period - Shot by Eric Staal.
5:58 of 3rd period - Stopped by Pavel Francouz without a rebound.
5:59 of 3rd period - Matt Duchene wins face-off versus Sebastian Aho in TAMPA BAY zone.
6:43 of 3rd period - Off-side.
6:44 of 3rd period - Eric Staal wins face-off versus Tyson Jost in neutral zone.
7:17 of 3rd period - Shot by Eric Staal.
7:17 of 3rd period - Stopped by Pavel Francouz without a rebound.
7:18 of 3rd period - Noel Acciari wins face-off versus Filip Chytil in TAMPA BAY zone.
7:42 of 3rd period - Off-side.
7:43 of 3rd period - Matt Duchene wins face-off versus Elias Lindholm in neutral zone.
7:52 of 3rd period - Shot by Alex Killorn.
7:52 of 3rd period - Stopped by Pavel Francouz without a rebound.
7:53 of 3rd period - David Kampf wins face-off versus Eric Staal in TAMPA BAY zone.
8:23 of 3rd period - Shot by Eric Staal.
8:23 of 3rd period - Stopped by Pavel Francouz without a rebound.
8:24 of 3rd period - Filip Chytil wins face-off versus Matt Duchene in TAMPA BAY zone.
8:37 of 3rd period - Shot by Viktor Arvidsson.
8:37 of 3rd period - Shot Misses the Net.
8:57 of 3rd period - Shot by Vladislav Gavrikov.
8:57 of 3rd period - Shot Misses the Net.
9:55 of 3rd period - Icing by Drew Doughty.
9:56 of 3rd period - Jordan Staal wins face-off versus Elias Lindholm in BUFFALO zone.
10:11 of 3rd period - Shot by Sebastian Aho.
10:11 of 3rd period - Stopped by Tuukka Rask without a rebound.
10:12 of 3rd period - James van Riemsdyk wins face-off versus Filip Chytil in BUFFALO zone.
10:35 of 3rd period - Phil Kessel is hit by Vladislav Gavrikov and loses puck.
10:50 of 3rd period - Shot by James van Riemsdyk.
10:50 of 3rd period - Stopped by Pavel Francouz without a rebound.
10:51 of 3rd period - Elias Lindholm wins face-off versus Matt Duchene in TAMPA BAY zone.
11:52 of 3rd period - Off-side.
11:53 of 3rd period - Filip Chytil wins face-off versus Eric Staal in neutral zone.
12:44 of 3rd period - Filip Forsberg is hit by Marco Scandella and loses puck.
13:17 of 3rd period - Shot by Tyson Jost.
13:17 of 3rd period - Shot Misses the Net.
13:19 of 3rd period - Shot by MacKenzie Weegar.
13:19 of 3rd period - Shot Misses the Net.
13:24 of 3rd period - Shot by MacKenzie Weegar.
13:24 of 3rd period - Shot Blocked by Marco Scandella.
14:00 of 3rd period - Shot by Noah Hanifin.
14:00 of 3rd period - Shot Misses the Net.
14:08 of 3rd period - Shot by Ondrej Kase.
14:08 of 3rd period - Shot Misses the Net.
14:10 of 3rd period - Shot by Noel Acciari.
14:10 of 3rd period - Deflect By Ondrej Kase.
14:10 of 3rd period - Shot Hit the Post.
14:16 of 3rd period - Shot by Noel Acciari.
14:16 of 3rd period - Deflect By Ondrej Kase.
14:16 of 3rd period - Stopped by Pavel Francouz without a rebound.
14:17 of 3rd period - Filip Chytil wins face-off versus Matt Duchene in TAMPA BAY zone.
14:19 of 3rd period - Icing by John Klingberg.
14:20 of 3rd period - Matt Duchene wins face-off versus Filip Chytil in TAMPA BAY zone.
14:35 of 3rd period - Shot by Roman Josi.
14:35 of 3rd period - Stopped by Pavel Francouz with a rebound.
14:41 of 3rd period - Shot by Brad Marchand.
14:41 of 3rd period - Shot Misses the Net.
14:43 of 3rd period - Shot by Brad Marchand.
14:43 of 3rd period - Stopped by Pavel Francouz without a rebound.
14:44 of 3rd period - Eric Staal wins face-off versus Tyson Jost in TAMPA BAY zone.
15:17 of 3rd period - Shot by Tyson Jost.
15:17 of 3rd period - Shot Blocked by Shea Theodore.
15:19 of 3rd period - Shot by MacKenzie Weegar.
15:19 of 3rd period - Shot Blocked by Eric Staal.
15:28 of 3rd period - Icing by Shea Theodore.
15:29 of 3rd period - Eric Staal wins face-off versus Elias Lindholm in BUFFALO zone.
15:43 of 3rd period - Minor Penalty to Shea Theodore for Elbowing.
15:44 of 3rd period - Jordan Staal wins face-off versus Viktor Arvidsson in BUFFALO zone.
16:43 of 3rd period - Shot by John Klingberg.
16:43 of 3rd period - Stopped by Tuukka Rask without a rebound.
16:44 of 3rd period - Noel Acciari wins face-off versus Elias Lindholm in BUFFALO zone.
16:50 of 3rd period - Icing by John Klingberg.
16:51 of 3rd period - Elias Lindholm wins face-off versus Brad Marchand in TAMPA BAY zone.
17:20 of 3rd period - Shot by Zach Werenski.
17:20 of 3rd period - Stopped by Tuukka Rask without a rebound.
17:21 of 3rd period - Noel Acciari wins face-off versus Filip Chytil in BUFFALO zone.
17:40 of 3rd period - Shot by Vladislav Gavrikov.
17:40 of 3rd period - Shot Misses the Net.
17:42 of 3rd period - Shot by Vladislav Gavrikov.
17:42 of 3rd period - Shot Misses the Net.
17:57 of 3rd period - Icing by Josh Brown.
17:58 of 3rd period - Frank Vatrano wins face-off versus Tyson Jost in TAMPA BAY zone.
19:05 of 3rd period - Shot by James van Riemsdyk.
19:05 of 3rd period - Shot Blocked by Jake Virtanen.
19:14 of 3rd period - Icing by Phil Kessel.
19:15 of 3rd period - Elias Lindholm wins face-off versus Eric Staal in BUFFALO zone.
19:25 of 3rd period - Off-side.
19:26 of 3rd period - Filip Chytil wins face-off versus Matt Duchene in neutral zone.
Goals for this period are 0 for BUFFALO vs 0 for TAMPA BAY.
Shots for this period are 9 for BUFFALO vs 3 for TAMPA BAY.